 Dungeon Crawl Stone Soup version 0.27-a0-1090-gb115f176c6 (webtiles) character file.

Game seed: 13265069962509158272

95 Goblin1989 the Covered (level 4, -8/42 HPs)
             Began as a Deep Dwarf Fighter on Apr 28, 2021.
             Mangled by an ogre
             ... wielding a +0 giant club
              (26 damage)
             ... on level 4 of the Dungeon.
             The game lasted 00:03:00 (1009 turns).

Goblin1989 the Covered (Deep Dwarf Fighter)         Turns: 1009, Time: 00:03:01

Health: -8/42      AC:  7    Str: 20    XL:     4   Next: 40%
Magic:  3/3        EV:  7    Int:  9    God:
Gold:   37         SH:  9    Dex: 12    Spells: 3/3 levels left

rFire    . . .     SeeInvis .   a - +0 war axe
rCold    . . .     Faith    .   c - +0 kite shield
rNeg     . . .     Spirit   .   i - +0 scale mail
rPois    .         Reflect  .   (no helmet)
rElec    .         Harm     .   (no cloak)
rCorr    .         Rampage  .   (no gloves)
Will     .....                  (no boots)
Stlth    ..........             (no amulet)
HPRegen  0.00/turn              (no ring)
MPRegen  0.08/turn              (no ring)

@: no status effects
A: damage resistance, heal wounds, sense surroundings 1, no regeneration
a: Heal Wounds


You were on level 4 of the Dungeon.
You visited 1 branch of the dungeon, and saw 3 of its levels.

You collected 37 gold pieces.

Inventory:

Hand Weapons
 a - a +0 war axe (weapon)
 b - a +0 hand crossbow
Armour
 c - a +0 kite shield (worn)
 i - a +0 scale mail (worn)
Jewellery
 r - an amulet of regeneration
Scrolls
 T - a scroll of teleportation
Potions
 d - a potion of might {@q4}
 f - a potion of curing {@q1}


   Skills:
 + Level 3.2 Fighting
 * Level 3.6 Axes
 + Level 3.9 Armour
 + Level 3.9 Shields


You had 3 spell levels left.
You didn't know any spells.
Your spell library contained the following spells:

 Spells                   Type           Power      Damage    Failure   Level
 Magic Dart               Conj           0%         1d3       99%         1
 Searing Ray              Conj           0%         3d3       100%        2
 Dazzling Flash           Conj/Hex       0%         N/A       100%        3
 Fulminant Prism          Conj/Hex       0%         3d6       100%        4
 Iskenderun's Mystic Bla  Conj/Tloc      0%         2d3       100%        4


Dungeon Overview and Level Annotations

Branches:
Dungeon (2/15)

Altars:


Innate Abilities, Weirdness & Mutations

You are resistant to damage.
You can heal yourself by infusing magical energy.
You passively map a small area around you.
You do not regenerate.


Message History

The hound is heavily wounded.
The hound bites you but does no damage. x2
Your shield prevents you from hitting the hound.
The hound is heavily wounded.
You block the hound's attack. The hound bites you but does no damage.
The hound bites you.
You take 3 damage, and have 18/34 hp.
You hit the hound.
The hound is almost dead.
The hound barely misses you. The hound bites you.
You hit the hound.
The hound is almost dead.
The hound bites you. The hound bites you but does no damage.
You closely miss the hound.
The hound is almost dead.
The hound closely misses you. The hound bites you but does no damage.
You miss the hound.
The hound is almost dead.
The hound bites you. x2
* * * LOW HITPOINT WARNING * * *
You block the hound's attack.
You closely miss the hound.
The hound is almost dead.
The hound bites you but does no damage. You block the hound's attack.
You take 3 damage, and have 15/34 hp.
You closely miss the hound.
The hound is almost dead.
You block the hound's attack. The hound bites you but does no damage.
You barely miss the hound.
The hound is almost dead.
You block the hound's attack. The hound bites you but does no damage.
The hound pauses to sniff the ground.
The hound barely misses you.
You closely miss the hound.
The hound is almost dead.
The hound bites you but does no damage. The hound barely misses you.
You miss the hound.
The hound is severely wounded.
You block the hound's attack. The hound bites you but does no damage.
You block the hound's attack.
You hit the hound but do no damage.
The hound is severely wounded.
You block the hound's attack. x2
You barely miss the hound.
The hound is severely wounded.
You block the hound's attack. The hound bites you.
The iguana hisses menacingly.
You slash the hound!
You kill the hound!
The iguana bites you!
* * * LOW HITPOINT WARNING * * *
You have reached level 4!
You feel clever.
You take 8 damage, and have 7/42 hp.
MP restored: 4 Your magical essence is drained by the effort!
You feel much better.
You hear the slow hiss of a distant avalanche of sand.
You block the iguana's attack.
You regained 26 hp, and now have 33/42 hp.
You now have 3/3 mp.
You hit the iguana.
The iguana is moderately wounded.
The iguana bites you.
You hit the iguana.
The iguana is heavily wounded.
You block the iguana's attack.
The iguana bites you but does no damage.
You hit the iguana.
The iguana is almost dead.
You block the iguana's attack.
You hit the iguana.
You kill the iguana!
You completely miss the kobold. The kobold hits you but does no damage.
The kobold barely misses you.
You slash the kobold!
You kill the kobold!
The ogre closely misses you.
You hit the ogre.
The ogre is lightly wounded.
The ogre closely misses you.
You hit the ogre.
The ogre is lightly wounded.
The ogre hits you with a +0 giant club.
You slash the ogre!
The ogre is moderately wounded.
You block the ogre's attack.
You slash the ogre!
The ogre is severely wounded.
The ogre closely misses you. The ogre hits you with a +0 giant club!
* * * LOW HITPOINT WARNING * * *
You barely miss the ogre.
The ogre is severely wounded.
You block the ogre's attack.
You take 15 damage, and have 18/42 hp.
MASSIVE DAMAGE!!
You hit the ogre.
The ogre is almost dead.
The ogre hits you with a +0 giant club!!
Ouch! That really hurt!
You die... █ ▓▓ ▓ ▓ ·· ▓ · ▓███ · ..█ ▓ ▓ ▓ █.█ ▓ █.█ █.█ ▓ ▓ █@█ ▓ ▓ ·▓ █O█

· ▓ ▓ █.████ ·
· █....█▓·
█....O..... ▓ ▓
█........█.█
............. ▓
·███.......████
▓ ███....██ ▓


You could see an ogre.

Vanquished Creatures
  A hound (D:4)
  An iguana (D:4)
  A dart slug (D:4)
  2 bats (D:1)
  4 endoplasms (D:1)
  A giant cockroach (D:1)
  5 goblins
  5 hobgoblins (D:1)
  A quokka (D:2)
  A ball python (D:1)
  10 kobolds
  4 rats (D:1)
36 creatures vanquished.

Notes
Turn   | Place    | Note
-------+----------+-------------------------------------------
     0 | D:1      | Goblin1989 the Deep Dwarf Fighter began the quest for the
                  | Orb.
     0 | D:1      | Reached XP level 1. HP: 20/20 MP: 1/1
    80 | D:1      | Reached XP level 2. HP: 20/27 MP: 2/2
   530 | D:1      | Reached XP level 3. HP: 30/33 MP: 3/3
   960 | D:2      | You fall into a shaft and drop 2 floors!
   975 | D:4      | Noticed an ogre
   997 | D:4      | Reached XP level 4. HP: 7/42 MP: 4/4
  1009 | D:4      | Mangled by an ogre

Illustrated notes

Levels and vault maps discovered:
D:1:      dpeg_arrival_tiny_d, layout_basic, minmay_box_of_dots
D:2:      minmay_recursive_quarters, layout_rooms
D:4:      layout_loops_ring, enter_ossuary_1

Skill      XL: |  1  2  3 |
---------------+----------+-----
Axes           | 3 |  3.6
Fighting       | 3 |  3.2
Armour         | |  3.9
Shields        | |  3.9

Action                   |  1- 3 |  4- 6 || total
-------------------------+-------+-------++-------
Melee: War axe           |   128 |    12 ||   140
 Abil: Heal Wounds       |     2 |     1 ||     3
  Use: Scroll            |     3 |       ||     3
Armor: Scale mail        |    79 |     2 ||    81
Dodge: Dodged            |    46 |     4 ||    50
Block: Kite shield       |    87 |     5 ||    92

Table legend: (Time is in decaauts)
 A = Elapsed time spent in this place.
 B = Non-inter-level travel time spent in this place.
 C = Inter-level travel time spent in this place.
 D = Time resting spent in this place.
 E = Time spent auto-exploring this place.
 F = Levels seen in this place.
 G = Mean time per level.
                   A        B        C        D        E       F      G
               +--------+--------+--------+--------+--------+-----+--------+
         Total |   1090 |   1046 |     44 |      0 |    727 |   3 |  363.3 |
       Dungeon |   1090 |   1046 |     44 |      0 |    727 |   3 |  363.3 |
               +--------+--------+--------+--------+--------+-----+--------+

Top non-repeatable levels by time:
     D:1: 931 daAuts
     D:2: 91 daAuts
     D:4: 67 daAuts
